 Dungeon Crawl Stone Soup version 0.28-a0-1616-g050a50673c (webtiles) character file.

Game seed: 8514258071610251851

59 innerfire433 the Sneak (level 3, -2/29 HPs)
             Began as a Demigod Brigand on Jan 22, 2022.
             Slain by a white imp (4 damage)
             ... on level 3 of the Dungeon.
             The game lasted 00:05:44 (1990 turns).

innerfire433 the Sneak (Demigod Brigand)            Turns: 1990, Time: 00:05:45

Health: -2/29      AC:  4    Str: 16    XL:     3   Next: 54%
Magic:  5/5        EV: 12    Int: 13    God:
Gold:   73         SH:  0    Dex: 21    Spells: 2/2 levels left

rFire   . . .      SeeInvis .   a - +2 dagger
rCold   . . .      Faith    .   (no shield)
rNeg    . . .      Spirit   .   o - +0 leather armour
rPois   +          Reflect  .   (no helmet)
rElec   .          Harm     .   c - +0 cloak
rCorr   .          Rampage  .   (no gloves)
Will    .....                   (no boots)
Stlth   +++.......              h - amulet of regeneration
HPRegen 0.89/turn               l - ring of poison resistance
MPRegen 0.09/turn               n - +6 ring of dexterity

@: brilliant
A: high mp 1, forlorn, divine attributes
a: no special abilities


You were on level 3 of the Dungeon.
You visited 1 branch of the dungeon, and saw 3 of its levels.

You collected 73 gold pieces.

Inventory:

Hand Weapons
 a - a +2 dagger (weapon)
Missiles
 d - 4 poisoned darts (quivered)
 e - 2 curare-tipped darts
Armour
 b - a +0 robe
 c - a +0 cloak (worn)
 o - a +0 leather armour (worn)
Jewellery
 h - an amulet of regeneration (around neck)
 l - a ring of poison resistance (left hand)
 n - a +6 ring of dexterity (right hand)
Scrolls
 f - 2 scrolls of identify {unknown}
 g - 3 scrolls of enchant armour {unknown}
 k - a scroll of blinking
 m - a scroll of amnesia {unknown}
 p - a scroll of magic mapping {unknown}
Potions
 q - a potion of resistance {unknown}


   Skills:
 + Level 2.3 Fighting
 * Level 2.3 Short Blades
 * Level 2.3 Throwing
 - Level 1.3 Dodging
 - Level 3.8 Stealth
 + Level 0.3 Spellcasting


You had 2 spell levels left.
You didn't know any spells.
Your spell library was empty.

Dungeon Overview and Level Annotations

Branches:
Dungeon (3/15)


Innate Abilities, Weirdness & Mutations

You have an increased reservoir of magic. (+10% MP)
You shall have no god before yourself.
Your divine heritage dramatically boosts your attributes as you level up.


Message History

You hit the white imp but do no damage.
The white imp is severely wounded.
The white imp hits you but does no damage.
You closely miss the white imp.
The white imp is severely wounded.
The white imp lashes its tail.
The white imp gestures at you. The puff of frost misses you.
You closely miss the white imp.
The white imp is severely wounded.
The white imp hits you but does no damage.
You barely miss the white imp.
You punch the white imp, but do no damage.
The white imp is severely wounded.
The white imp hits you. The white imp freezes you.
* * * LOW HITPOINT WARNING * * *
You hit the white imp.
The white imp is almost dead.
The white imp gestures at you. The puff of frost misses you.
You hit the white imp but do no damage.
The white imp is almost dead.
The white imp hits you.
* * * LOW HITPOINT WARNING * * *
The white imp freezes you.
* * * LOW HITPOINT WARNING * * *
You hit the white imp but do no damage.
The white imp is almost dead.
The white imp hits you but does no damage.
You barely miss the white imp.
The white imp is almost dead.
The white imp hits you but does no damage.
You hit the white imp but do no damage.
The white imp is almost dead.
You hit the white imp but do no damage.
The white imp is almost dead.
The white imp hits you.
* * * LOW HITPOINT WARNING * * *
The white imp freezes you.
You die...

.#..######.# #<#
...........# #.#
.#..#.#.#### #..
....#.# ### ####
.##.#.# #.. #
#.#.# #.# ..#.#
#(# ##. #.#.#
####(#####.. #....
#....@5((#.##
.....##.###.#..###
### #.# ..... .
#†# #..#
..#######.#####..#
.................#
..#..##########..#
# #..# #..#


You could see a white imp.

Vanquished Creatures
  An adder (D:3)
  2 dart slugs
  An orc (D:3)
  5 endoplasms
  A giant cockroach (D:1)
  5 goblins
  6 hobgoblins
  8 kobolds
  5 ball pythons
  4 bats
  A frilled lizard (D:3)
  2 rats (D:3)
41 creatures vanquished.

Notes
Turn   | Place    | Note
-------+----------+-------------------------------------------
     0 | D:1      | innerfire433 the Demigod Brigand began the quest for the
                  | Orb.
     0 | D:1      | Reached XP level 1. HP: 17/17 MP: 3/3
    36 | D:1      | Reached skill level 1 in Dodging
   291 | D:1      | Reached XP level 2. HP: 24/24 MP: 4/4
  1247 | D:2      | Reached XP level 3. HP: 29/29 MP: 5/5
  1973 | D:3      | HP: 1/29 [white imp (3)]
  1990 | D:3      | Slain by a white imp

Illustrated notes

Levels and vault maps discovered:
D:1:      minmay_arrival_loop, layout_loops_ring, st_stairs_7
D:2:      layout_basic
D:3:      layout_loops_ring

Skill      XL: |  1  2 |
---------------+-------+-----
Dodging        | 1 |  1.3
Throwing       | 2 |  2.3
Fighting       | 2 |  2.3
Short Blades   | 2 |  2.3
Stealth        | |  3.8
Spellcasting   | |  0.3

Action                   || total
-------------------------++-------
Melee: Dagger            ||    94
       Punch             ||     2
Throw: Dart              ||    83
  Use: Potion            ||     2
       Scroll            ||     1
Armor: Robe              ||    10
       Leather armour    ||    13
Dodge: Dodged            ||    47

Table legend: (Time is in decaauts)
 A = Elapsed time spent in this place.
 B = Non-inter-level travel time spent in this place.
 C = Inter-level travel time spent in this place.
 D = Time resting spent in this place.
 E = Time spent auto-exploring this place.
 F = Levels seen in this place.
 G = Mean time per level.
                   A        B        C        D        E       F      G
               +--------+--------+--------+--------+--------+-----+--------+
         Total |   1970 |   1926 |     44 |      0 |   1563 |   3 |  656.7 |
       Dungeon |   1970 |   1926 |     44 |      0 |   1563 |   3 |  656.7 |
               +--------+--------+--------+--------+--------+-----+--------+

Top non-repeatable levels by time:
     D:1: 853 daAuts
     D:2: 600 daAuts
     D:3: 516 daAuts
